 Dungeon Crawl Stone Soup version 0.19.5 (webtiles) character file.

16 DenSaoPin the Stinger (level 2, -1/17 HPs)
             Began as an Octopode Venom Mage on Mar 8, 2017.
             Slain by Ijyb
             ... wielding a +2 dagger of venom
              (6 damage)
             ... on level 2 of the Dungeon on Mar 9, 2017.
             The game lasted 00:09:45 (1653 turns).

DenSaoPin the Stinger (Octopode Venom Mage)         Turns: 1653, Time: 00:09:46

Health: -1/17      AC:  1    Str:  7    XL:     2   Next: 58%
Magic:  2/5        EV: 14    Int: 17    God:
Gold:   34         SH:  0    Dex: 12    Spells: 1 memorised, 4 levels left

rFire  . . .     SeeInvis .     f - +0 dagger
rCold  . . .     Gourm    .     (no shield)
rNeg   . . .     Faith    .     (helmet restricted)
rPois  .         Spirit   .     (no amulet)
rElec  .         Reflect  .     (no ring)
rCorr  .         Harm     .     (no ring)
MR     .....                    (no ring)
Stlth  +++.......               (no ring)
                                (no ring)
                                (no ring)
                                (no ring)
                                (no ring)

@: lethally poisoned (-1 -> -7), very slightly contaminated
A: almost no armour, stealthy swim, amphibious, 8 rings, constrict 8, camouflage
1, gelatinous body 1
a: no special abilities


You were on level 2 of the Dungeon.
You were not hungry.

You visited 1 branch of the dungeon, and saw 2 of its levels.

You collected 34 gold pieces.

Inventory:

Hand Weapons
 f - a +0 dagger (weapon)
 j - a +0 short sword
 k - a +2 hunting sling of velocity
Scrolls
 c - 2 scrolls of identify {unknown}
 g - a scroll of random uselessness {unknown}
 l - a scroll of remove curse {unknown}
Potions
 d - a potion of flight {unknown}
 e - 2 potions of degeneration {unknown}
 h - a potion of magic {unknown}
Books
 a - a Young Poisoner's Handbook

   Spells                             Type                      Level
   a - Sting                          Conjuration/Poison           1
   b - Mephitic Cloud                 Conjuration/Poison/Air       3
   c - Olgreb's Toxic Radiance        Poison                       4
   d - Alistair's Intoxication        Transmutation/Poison         5
   e - Venom Bolt                     Conjuration/Poison           5
Comestibles
 b - a bread ration


   Skills:
 * Level 2.7 Dodging
 + Level 3.3 Stealth
 - Level 2.0 Spellcasting
 - Level 4.8 Poison Magic


You had 4 spell levels left.
You knew the following spells:

 Your Spells              Type           Power        Failure   Level  Hunger
a - Sting                 Conj/Pois      #...         10%         1    #......


Dungeon Overview and Level Annotations

Branches:
Dungeon (2/15)

Altars:

Annotations:
D:2 Ijyb


Innate Abilities, Weirdness & Mutations

You cannot wear most types of armour.
You are very stealthy in the water. (Stealth+)
You are amphibious.
You can wear up to eight rings at the same time.
You can use your tentacles to constrict eight enemies at once.
Your skin changes colour to match your surroundings (Stealth+).
Your rubbery body absorbs attacks. (AC +1, EV +1)


Message History

Ijyb is heavily wounded.
You constrict Ijyb, but do no damage.
You feel sick. Ijyb closely misses you.
You hit Ijyb but do no damage.
Ijyb is heavily wounded.
You constrict Ijyb, but do no damage. Ijyb closely misses you.
You hit Ijyb but do no damage. You squeeze Ijyb, but do no damage.
Ijyb is heavily wounded.
You constrict Ijyb. Ijyb barely misses you.
You hit Ijyb but do no damage. You squeeze Ijyb, but do no damage.
Ijyb is heavily wounded.
You constrict Ijyb.
You feel sick.
Ijyb escapes!
Casting: Sting
Confirm with . or Enter, or press ? or * to list all spells.
Aiming: Sting
Press: ? - help, Shift-Dir - straight line, f/p - Ijyb
Aim: Ijyb, wielding a dagger of venom and wearing a chain mail (heavily wounded)
The sting hits Ijyb.
Ijyb appears unharmed.
Ijyb is heavily wounded.
You feel sick. Ijyb hits you with a dagger of venom.
You die...

######## #
#......##### .#
#..........#### .##
#>....(###....# ...
#......# ####.##
###.# ####.####
#..###... ####. #.#
#..####...#.###......
#.# #.....###.......#
#..#
#.@gg.#.###...!..
.....
#####.#.####...##
#.....#
####........#..#
#.....# #..?...#####
.. #######
........#..# .
##.#######.....# #.
####..# .


You could see Ijyb and a goblin.

Vanquished Creatures
  A ball python (D:1)
  2 goblins
  4 hobgoblins (D:1)
  2 bats (D:1)
  2 frilled lizards (D:1)
  3 kobolds (D:1)
  A rat (D:1)
15 creatures vanquished.

Notes
Turn   | Place    | Note
-------+----------+-------------------------------------------
     0 | D:1      | DenSaoPin the Octopode Venom Mage began the quest for the Orb.
     0 | D:1      | Reached XP level 1. HP: 11/11 MP: 3/3
  1155 | D:1      | Reached XP level 2. HP: 13/17 MP: 0/5
  1631 | D:2      | Noticed Ijyb
  1653 | D:2      | Slain by Ijyb

Skill      XL: |  1 |
---------------+----+-----
Stealth        | 3 |  3.3
Dodging        | |  2.7
Spellcasting   | |  2.0
Poison Magic   | |  4.8

Action                   || total
-------------------------++-------
Melee: Unarmed           ||    11
       Dagger            ||    27
       Tentacles         ||     8
       Constrict         ||     8
 Cast: Sting             ||    14
 Stab: Sleeping          ||     2
  Eat: Chunk             ||     2
Armor: Skin              ||     1
Dodge: Dodged            ||    23
